 Dungeon Crawl Stone Soup version 0.28-a0-1117-g0bdd5ba030 (webtiles) character file.

Game seed: 8937529232740708319

45 spaghetti the Slasher (level 3, 0/23 HPs)
             Began as an Octopode Chaos Knight on Dec 12, 2021.
             Was a Plaything of Xom.
             Succumbed to Ijyb's poison
             ... on level 3 of the Dungeon.
             The game lasted 00:04:10 (2011 turns).

spaghetti the Slasher (Octopode Chaos Knight)       Turns: 2011, Time: 00:04:11

Health: 0/23       AC:  7    Str: 11    XL:     3   Next: 64%
Magic:  3/3        EV: 13    Int: 16    God:    Xom [....*.]
Gold:   46         SH:  5    Dex: 13    Spells: 0/2 levels left

rFire   . . .      SeeInvis .   a - +0 falchion (chaos) {long}
rCold   . . .      Faith    .   (no shield)
rNeg    . . .      Spirit   .   (helmet restricted)
rPois   .          Reflect  +   m - amulet of reflection
rElec   .          Harm     .   i - +4 ring of protection
rCorr   .          Rampage  .   (no ring)
Will    .....                   (no ring)
Stlth   ++........              (no ring)
HPRegen 0.07/turn               (no ring)
MPRegen 0.08/turn               (no ring)
                                (no ring)
                                (no ring)

@: lethally poisoned (0 -> -2)
A: almost no armour, amphibious, 8 rings, camouflage 1, gelatinous body 1,
(nimble swimmer 1), tentacles, iridescent scales 1, agile 1, frail 1, mutation
resistance 1, MP-powered wands
a: Renounce Religion


You were on level 3 of the Dungeon.
You worshipped Xom.
You were a beloved toy of Xom.
You visited 1 branch of the dungeon, and saw 3 of its levels.

You collected 46 gold pieces.


Innate Abilities, Weirdness & Mutations

You cannot wear most types of armour.
You are amphibious.
You can wear up to eight rings at the same time.
Your skin changes colour to match your surroundings (Stealth+).
Your rubbery body absorbs attacks. (AC +1, EV +1)
((You are camouflaged near water. (Stealth+)))
You have tentacles for arms and can constrict up to eight enemies at once.
You are partially covered in iridescent scales. (AC +2)
You are agile. (Dex +2)
You are frail. (-10% HP)
You are somewhat resistant to further mutation.
You expend magic power (3 MP) to strengthen your wands.


   Skills:
 - Level 3.0 Fighting
 + Level 4.4 Long Blades
 - Level 2.3 Dodging
 + Level 0.4 Transmutations


You couldn't memorise any spells.
You knew the following spells:

 Your Spells              Type           Power      Damage    Failure   Level
a - Wereblood             Tmut           1%         N/A       32%         2

Your spell library contained the following spells:

 Spells                   Type           Power      Damage    Failure   Level
 Beastly Appendage        Tmut           2%         N/A       22%         1
 Foxfire                  Conj/Fire      0%         2x1d4     26%         1
 Spider Form              Tmut/Pois      0%         N/A       56%         3

Inventory:

Hand Weapons
 a - a +0 falchion of chaos (weapon) {long}
Missiles
 c - 22 bolts
 d - a stone (quivered) {throwing}
 e - 36 arrows
 h - 22 sling bullets
 j - 4 boomerangs {throwing}
Jewellery
 i - a +4 ring of protection (left tentacle)
   (You found it on level 2 of the Dungeon)
 m - an amulet of reflection (around mantle)
   (You found it on level 3 of the Dungeon)
Scrolls
 g - a scroll of blinking {!r}

Dungeon Overview and Level Annotations

Branches:
Dungeon (3/15)

Altars:
Xom

Annotations:
D:3 Ijyb

*,*,,,,....,,,,,,,,,,,,,,,...
*,*,,,,#..#****,,,,,,,,,,,...
*,****##..#######*********###
*,,,,,#......ยง..# *,,* #
*****,##..####### *,,* #
*,##...g..# *,,* **
#.#...bo..# *,,* *,
**#.........######*,,******
#.........@........,..,,,,,
#..#.#......###...#,.#*,***
#..#.#......#**,,.#..#*,* *
#.,#.#......Z#*,,.#..##,***
*,,*,#.........,,.....,,,,,
****,,*.....#.....##...,,,,,,*
*,,,,,......#....#...#,,**,*,*
*,**,,###....#..#....#,,*,,,,,
*,**,,* *,,,,,**#.Z..#,,****,*


You could see Ijyb, an orc, a bat and an adder skeleton (wandering).


Message History

You now have 23 max hp (-11).
There are no items here.
It was a potion of attraction.
You feel attractive to monsters.
As you read the scroll labelled AHYZXUY KOMALL, it crumbles to dust.
You feel aware of your surroundings.
You sensed 1 altar.
It was a scroll of magic mapping.
As you read the scroll labelled GEIZIH TAEM UTUL, it crumbles to dust.
You hear a loud clanging noise!
It was a scroll of noise.
You hear a shout!
Blink to where?
Press: ? - help, Dir - move target
As you read the scroll labelled POGRENTUNU, it crumbles to dust.
It was a scroll of blinking. ๐Ÿ˜จ HP[+1]
You feel less attractive to monsters. ๐Ÿ˜จ HP[+1]
You feel yourself speed up. ๐Ÿ˜จ HP[+1] ๐Ÿ˜จ HP[+1]
You recover from your berserk rage.
You start resting.
You hear Xom's maniacal cackling.
Your body is suffused with distortional energy.
You feel your magical essence link to the dungeon's wands. ๐Ÿ˜จ HP[+1] Unknown command.
Unknown command.
You start resting. "Whee!"
Your surroundings suddenly seem different.
Your surroundings suddenly seem different.
Your surroundings suddenly seem different.
Your surroundings suddenly seem different.
Your surroundings suddenly seem different. ๐Ÿ˜ฎ HP[+4]
You regained 4 hp, and now have 15/23 hp.
Unknown command.
Unknown command.
You start resting. "Whee!"
Your surroundings suddenly seem different. ๐Ÿ˜• HP[+4]
You regained 4 hp, and now have 19/23 hp.
Unknown command.
Ijyb is nearby!
Ijyb shouts!
Ijyb zaps a wand.
The mass of ice explodes!
The iceblast engulfs you!
Ouch! That really hurt!
* * * LOW HITPOINT WARNING * * *
๐Ÿ˜ฑ HP[-16]
You take 16 damage, and now have 3/23 hp.
MASSIVE DAMAGE!! (PAUSE) Unknown command.
Unknown command.
Unknown command.
You aren't carrying any items that you can evoke.
Really read
g - 2 scrolls of blinking {!r}?
Uppercase [Y]es or [N]o only, please.
Really read
g - 2 scrolls of blinking {!r}? [Y]es or [N]o only, please.
Really read
g - 2 scrolls of blinking {!r}? [Y]es or [N]o only, please.
Really read
g - 2 scrolls of blinking {!r}?
Blink to where?
Press: ? - help, Dir - move target
As you read the scroll of blinking {!r}, it crumbles to dust.
Ijyb hits you with a +2 dagger of venom.
* * * LOW HITPOINT WARNING * * *
๐Ÿ˜ฑ HP[-2]
You take 2 damage, and now have 1/23 hp.
You feel better. The bat misses you. The bat hits you.
* * * LOW HITPOINT WARNING * * *
Ijyb hits you but does no damage.
You are lethally poisoned! ๐Ÿ˜จ HP[+5]
You regained 5 hp, and now have 6/23 hp.
Unknown command.
Unknown command.
Unknown command.
Really read
g - a scroll of blinking {!r}?
Okay, then.
* * * LOW HITPOINT WARNING * * *
You feel sick. The bat misses you. Ijyb barely misses you. ๐Ÿ˜ฑ HP[-2]
You take 2 damage, and now have 4/23 hp.
* * * LOW HITPOINT WARNING * * *
You feel sick. ๐Ÿ˜ฑ HP[-1]
You take 1 damage, and now have 3/23 hp.
* * * LOW HITPOINT WARNING * * *
You feel sick. The bat closely misses you. The bat hits you.
* * * LOW HITPOINT WARNING * * *
The orc shouts! ๐Ÿ˜ฑ HP[-2]
You take 2 damage, and now have 1/23 hp.
You die...
Xom chuckles heartily!

Skill      XL: |  1  2 |
---------------+-------+-----
Long Blades    | 4 |  4.4
Fighting       | |  3.0
Dodging        | |  2.3
Transmutations | |  0.4

Action                   || total
-------------------------++-------
Melee: Falchion          ||    56
       Constrict         ||    15
       Tentacles         ||     7
 Cast: Wereblood         ||     1
  Use: Scroll            ||     4
       Potion            ||     4
 Stab: Sleeping          ||     4
       Distracted        ||     1
Armor: Skin              ||    13
Dodge: Dodged            ||    36
Block: Other             ||     1

Levels and vault maps discovered:
D:1:      minmay_arrival_checkered_box, layout_basic,
          shapermc_ecumenical_altar_rom_forum
D:2:      layout_rooms, minmay_rat_hole
D:3:      layout_basic, mainiacjoe_overflow_surrounded_room,
          serial_co_window_serial, co_window_corner_a,
          co_window_of_opportunity_a, co_window_corner_a, co_window_corner_a,
          co_window_of_opportunity_a, co_window_of_opportunity_b,
          co_window_2corner, co_window_unsneaky_path_b, co_window_broadway_a,
          co_window_cross_2, glass_columns_c, glass_columns_b, glass_columns_a,
          glass_columns_a, glass_columns_b, ebering_dispersal_statue_hall,
          minmay_misc_feat_chi, uniq_ijyb

Notes
Turn   | Place    | Note
-------+----------+-------------------------------------------
     0 | D:1      | spaghetti the Octopode Chaos Knight began the quest for the
                  | Orb.
     0 | D:1      | Reached XP level 1. HP: 16/16 MP: 1/1
     0 | D:1      | magus.rc [v1.9.6]
    15 | D:1      | XOM: silly message
   345 | D:1      | Found a faded altar of an unknown god.
   425 | D:1      | Got Plato's Collected Works on Attacks
   436 | D:1      | Reached XP level 2. HP: 15/21 MP: 2/2
   740 | D:1      | XOM: god gift: glowing plate armour {god gift}
   917 | D:1      | XOM: cloud trail
  1135 | D:2      | Reached skill level 4 in Long Blades
  1205 | D:2      | Reached XP level 3. HP: 24/26 MP: 3/3
  1322 | D:2      | XOM: 1-stop teleportation journey
  1361 | D:2      | XOM: give mutations
  1361 | D:2      | Gained mutation: You are partially covered in iridescent
                  | scales. (AC +2) [Xom's mischief]
  1361 | D:2      | Gained mutation: You are frail. (-10% HP) [Xom's mischief]
  1389 | D:3      | You pick up a book of Changes and begin reading...
  1389 | D:3      | You add the spells Beastly Appendage, Wereblood and Spider
                  | Form to your library.
  1393 | D:3      | Learned a level 2 spell: Wereblood
  1435 | D:3      | XOM: scenery: create altars
  1503 | D:3      | XOM: god gift: 15 arrows
  1598 | D:3      | XOM: scenery: create altars
  1727 | D:3      | XOM: 3-stop teleportation journey
  1730 | D:3      | XOM: give mutations
  1730 | D:3      | Gained mutation: You are agile. (Dex +2) [Xom's grace]
  1730 | D:3      | Gained mutation: You are somewhat resistant to further
                  | mutation. [Xom's grace]
  1765 | D:3      | Noticed Ijyb
  1812 | D:3      | HP: 5/23 [Ijyb/iceblast (7)]
  1812 | D:3      | XOM: butterfly on damage
  1884 | D:3      | XOM: give mutation
  1884 | D:3      | Gained mutation: You expend magic power (3 MP) to
                  | strengthen your wands. [Xom's grace]
  1943 | D:3      | XOM: 5-stop teleportation journey
  1993 | D:3      | XOM: 1-stop teleportation journey
  2005 | D:3      | HP: 3/23 [Ijyb/iceblast (16)]
  2006 | D:3      | HP: 1/23 [Ijyb (2)]
  2011 | D:3      | Succumbed to Ijyb's poison

Vanquished Creatures
  2 worms (D:2)
  3 dart slugs
  4 ball pythons
  4 bats
  5 endoplasms
  A hobgoblin (D:1)
  4 kobolds (D:1)
  2 quokkas (D:2)
  2 frilled lizards
  3 goblins (D:2)
30 creatures vanquished.

Table legend:
 A = Non-vault XP
 B = Vault XP
 C = Vault XP percentage of total XP
 D = Non-vault monster count
 E = Vault monster count
 F = Vault count percentage of total count
                 A         B        C        D         E       F
            +---------+---------+-------+---------+---------+-------
      Total |      65 |       0 |   0.0 |      30 |       0 |   0.0
            +---------+---------+-------+---------+---------+-------
        D:1 |      24 |       0 |   0.0 |      13 |       0 |   0.0
        D:2 |      28 |       0 |   0.0 |      12 |       0 |   0.0
        D:3 |      13 |       0 |   0.0 |       5 |       0 |   0.0
            +---------+---------+-------+---------+---------+-------

Illustrated notes

Table legend:
 A = Kills in this place as a percentage of kills in entire the game.
 B = Kills by you in this place as a percentage of kills by you in the entire game.
 C = Kills by friends in this place as a percentage of kills by friends in the entire game.
 D = Other kills in this place as a percentage of other kills in the entire game.
 E = Experience gained in this place as a percentage of experience gained in the entire game.
 F = Experience gained in this place divided by the number of levels of this place that you have seen.
                   A       B       C       D       E      F
               +-------+-------+-------+-------+-------+----------------------
         Total | 100.0 | 100.0 |   N/A |   N/A | 100.0 |  21.7
       Dungeon | 100.0 | 100.0 |   N/A |   N/A | 100.0 |  21.7
               +-------+-------+-------+-------+-------+----------------------

Table legend: (Time is in decaauts)
 A = Elapsed time spent in this place.
 B = Non-inter-level travel time spent in this place.
 C = Inter-level travel time spent in this place.
 D = Time resting spent in this place.
 E = Time spent auto-exploring this place.
 F = Levels seen in this place.
 G = Mean time per level.
                   A        B        C        D        E       F      G
               +--------+--------+--------+--------+--------+-----+--------+
         Total |   2028 |   2010 |     18 |    836 |    875 |   3 |  676.0 |
       Dungeon |   2028 |   2010 |     18 |    836 |    875 |   3 |  676.0 |
               +--------+--------+--------+--------+--------+-----+--------+

Top non-repeatable levels by time:
     D:1: 1018 daAuts
     D:3: 655 daAuts
     D:2: 354 daAuts
